 Dungeon Crawl Stone Soup version 0.32-a0-643-ga006e7742e (webtiles) character file.

Game seed: 46445692007721841

30248 growler the Fighter (level 13, -1/111 HPs)
             Began as a Coglin Artificer on Mar 7, 2024.
             Was a High Priest of Wu Jian.
             Slain by a skyshark (4 damage)
             ... while petrified by a basilisk
             ... on level 4 of the Lair of Beasts.
             The game lasted 00:58:25 (18821 turns).

growler the Fighter (Coglin Artificer)             Turns: 18821, Time: 00:58:25

Health: -1/111     AC: 18    Str: 18    XL:     13   Next: 50%
Magic:  13/13      EV:  2    Int: 10    God:    Wu Jian [*****.]
Gold:   940        SH:  0    Dex: 20    Spells: 12/12 levels left

rFire   . . .        N - +7 broad axe {Sarina}
rCold   . . .        r - +1 dagger (speed) {Bozidara}
rNeg    + + +        B - +4 ring mail "Feichot" {+Inv rPois}
rPois   ∞            K - +2 hat {Stlth+}
rElec   .            F - +1 cloak "Qeamunih" {rN+ Dex+5}
rCorr   .            s - +0 pair of gloves
SInv    .            t - +0 pair of boots
Will    .....        (amulet unavailable)
Stlth   ++           (ring unavailable)
HPRegen 0.38/turn    (ring unavailable)
MPRegen 0.13/turn    (no gizmo)

%: no passive effects
@: petrified, revving
A: off-hand wielding, slow wielding, warmup strikes, no jewellery
a: Invent Gizmo, Renounce Religion, Evoke Invisibility, Wall Jump, Serpent's
Lash, Heavenly Storm


You were on level 4 of the Lair of Beasts.
You worshipped Wu Jian.
Wu Jian was extremely pleased with you.
You visited 2 branches of the dungeon, and saw 15 of its levels.
You also visited: Ossuary and Bailey.

You collected 940 gold pieces.

Inventory:

Hand Weapons
 a - a +0 club {Jakob}
 f - a +0 dagger {Nodoka}
 r - a +1 dagger of speed (offhand) {Bozidara}
 D - a +0 rapier {Bangon}
 N - a +7 broad axe (weapon) {Sarina}
Armour
 m - a scarf of shadows
 p - a +1 leather armour of fire resistance
 s - a +0 pair of gloves (worn)
 t - a +0 pair of boots (worn)
 B - the +4 ring mail "Feichot" (worn) {+Inv rPois}
   (You found it on level 4 of the Dungeon)

   rPois:     It protects you from poison.
   +Inv:      It lets you turn invisible.
 F - the +1 cloak "Qeamunih" (worn) {rN+ Dex+5}
   (You found it on level 5 of the Dungeon)

   Dex+5:     It affects your dexterity (+5).
   rN+:       It protects you from negative energy.
 K - a +2 hat of stealth (worn)
Wands
 c - a wand of flame (13) (quivered)
 d - a wand of charming (10)
 e - a wand of iceblast (1)
 x - a wand of light (3)
 E - a wand of warping (5)
 J - a wand of polymorph (8)
 M - a wand of digging (7)
 Q - a wand of paralysis (8)
Scrolls
 g - 3 scrolls of vulnerability
 h - 6 scrolls of noise
 j - 4 scrolls of acquirement
 k - 5 scrolls of fear
 l - a scroll of enchant weapon
 n - 4 scrolls of teleportation
 u - 4 scrolls of poison
 w - 5 scrolls of amnesia
 y - 4 scrolls of identify
 H - a scroll of enchant armour
 I - 2 scrolls of fog
 O - a scroll of butterflies
 R - a scroll of torment
 S - a scroll of immolation {unknown}
 T - a scroll of revelation {unknown}
Potions
 i - 5 potions of mutation
 o - 6 potions of curing
 q - 3 potions of resistance
 v - 10 potions of heal wounds
 z - 2 potions of might
 A - 4 potions of lignification
 C - a potion of attraction
 G - 2 potions of magic
 L - 4 potions of brilliance
 P - a potion of cancellation
 U - a potion of berserk rage {unknown}


   Skills:
 + Level 13.0 Fighting
 - Level 10.0 Short Blades
 + Level 8.6 Axes
 + Level 10.1 Armour
 - Level 0.8 Dodging
 - Level 0.7 Stealth
 - Level 10.0 Evocations


You had 12 spell levels left.
You didn't know any spells.
Your spell library contained the following spells:

 Spells                   Type           Power      Damage    Failure   Level
 Sting                    Conj/Alch      0%         1d3       52%         1
 Mercury Vapours          Alch/Air       0%         N/A       65%         2
 Fugue of the Fallen      Necr           0%         N/A       87%         3
 Ozocubu's Armour         Ice            0%         N/A       87%         3
 Stone Arrow              Conj/Erth      0%         3d7       87%         3
 Animate Armour           Summ/Erth      0%         N/A       99%         4
 Animate Dead             Necr           0%         N/A       99%         4
 Manifold Assault         Tloc           0%         N/A       99%         4
 Olgreb's Toxic Radiance  Alch           0%         N/A       99%         4
 Haunt                    Necr/Summ      0%         N/A       100%        7
 Ozocubu's Refrigeration  Ice            0%         4d7       100%        7
 Discord                  Hex            0%         N/A       100%        8
 Infestation              Necr           0%         N/A       100%        8
 Lehudib's Crystal Spear  Conj/Erth      0%         10d2      100%        8


Dungeon Overview and Level Annotations

Branches:
Dungeon (11/15)            Temple (0/1) D:4            Lair (4/5) D:8
  Swamp (0/4) Lair:2       Spider (0/4) Lair:2          Orc (0/2) D:10
Ossuary (visited)          Bailey (visited)
  Slime: Lair:4-5

Altars:
Cheibriados
Dithmenos
Elyvilon
Okawaru
Ru
Vehumet
Wu Jian
Xom
Yredelemnul
Zin

Shops:
D:3 *   D:4 ?   D:5 !


Innate Abilities, Weirdness & Mutations

You can wield a second weapon in your off-hand.
It takes a long time for you to wield or remove held weapons.
Your first few attacks do less damage.
You cannot equip rings or amulets.


Message History

The skyshark bites you but does no damage.
The skyshark tail-slaps you but does no damage.
The skyshark tail-slaps you!
* * * LOW HITPOINT WARNING * * *
Your limbs are stiffening.
You barely miss the skyshark with your +7 broad axe.
The skyshark is moderately wounded.
You hit the skyshark but do no damage.
Your surroundings seem slightly different.
The skyshark rages.
You have turned to stone.
The skyshark bites you!
* * * LOW HITPOINT WARNING * * *
The skyshark tail-slaps you but does no damage. x2
The basilisk gazes at you. The skyshark bites you!
* * * LOW HITPOINT WARNING * * *
The skyshark tail-slaps you.
* * * LOW HITPOINT WARNING * * *
The skyshark tail-slaps you but does no damage.
The skyshark bites you.
* * * LOW HITPOINT WARNING * * *
The skyshark completely misses you.
The skyshark tail-slaps you but does no damage.
The skyshark bites you but does no damage.
The skyshark tail-slaps you. x2
* * * LOW HITPOINT WARNING * * *
The basilisk gazes at you.
You easily resist.
The skyshark bites you!!
* * * LOW HITPOINT WARNING * * *
The skyshark tail-slaps you!
* * * LOW HITPOINT WARNING * * *
The skyshark tail-slaps you but does no damage.
The skyshark bites you.
* * * LOW HITPOINT WARNING * * *
The skyshark tail-slaps you but does no damage. x2
You feel less exhausted. The skyshark bites you!
You die...

#..P.P !..P#P
##......#.....
........#....
#..P..P...#
###.........##
#......P#P.[.#
####...........#
##.#.......#....####P
........@..#.........
.......Fl.#.....###.
##..#.....#.^..##
##..............#
#P...#.P#......##
#...<..............
#.P............##.#
..................# #
.#..#P..........###


You could see a skyshark (berserk) and a basilisk.

Vanquished Creatures
  Gastronok (D:9)
  An orc warlord (Bailey)
  Josephine (D:10)
  A hydra (Lair:2)
  2 two-headed ogres
  A manticore (D:11)
  A wolf spider (Lair:2)
  2 cyclopes (D:11)
  2 ugly things (D:11)
  A black mamba (Lair:2)
  9 cane toads
  4 rime drakes
  3 komodo dragons
  3 polar bears
  2 trolls (D:10)
  A tarantella (Lair:2)
  A hornet (D:8)
  4 dream sheep (Lair:3)
  22 blink frogs
  A shadow (D:10)
  Sigmund (D:6)
  A spriggan (Lair:2)
  5 wyverns
  16 yaks
  Grum (D:10)
  3 steam dragons
  6 wraiths
  3 vampire mosquitoes (Lair:2)
  3 basilisks
  Menkaure (D:7)
  9 water moccasins
  5 black bears
  13 orc warriors
  4 ice beasts
  A sky beast (D:7)
  9 wolves
  2 ogres
  3 centaurs
  A phantom (D:7)
  An elf zombie (Ossuary)
  A kobold brigand (D:8)
  13 bullfrogs
  A gnoll sergeant (D:8)
  6 wights
  3 killer bees (D:7)
  2 howler monkeys
  An electric eel (Lair:2)
  2 bombardier beetles
  3 centaur zombies
  2 hounds
  2 human zombies (Ossuary)
  2 jellies (D:7)
  9 orc priests
  An iguana (D:5)
  7 orc wizards
  A killer bee zombie (D:9)
  3 hound zombies (Ossuary)
  2 mummies (Ossuary)
  8 gnolls
  11 adders
  3 shadow imps
  A white imp (D:6)
  4 ufetubi
  3 adder zombies (Ossuary)
  A dart slug (D:9)
  44 orcs
  6 ball pythons
  5 bats
  12 endoplasms
  5 giant cockroaches
  11 goblins
  4 hobgoblins
  5 jackals
  26 kobolds
  5 quokkas
  2 frilled lizards
  6 gnoll zombies (Ossuary)
  4 jackal zombies (Ossuary)
  5 kobold zombies (Ossuary)
  7 orc zombies (Ossuary)
  9 rats
399 creatures vanquished.

Vanquished Creatures (collateral kills)
  A centaur zombie (Ossuary)
1 creature vanquished.

Vanquished Creatures (others)
  An elf zombie (Ossuary)
  A gnoll (D:4)
  2 adder zombies (Ossuary)
4 creatures vanquished.

Grand Total: 404 creatures vanquished

Notes
Turn   | Place    | Note
-------+----------+-------------------------------------------
     0 | D:1      | growler the Coglin Artificer began the quest for the Orb.
     0 | D:1      | Reached XP level 1. HP: 15/15 MP: 1/1
    82 | D:1      | Reached XP level 2. HP: 20/21 MP: 2/2
   442 | D:1      | Reached skill level 2 in Fighting
   452 | D:1      | Reached XP level 3. HP: 22/27 MP: 3/3
   805 | D:2      | Reached skill level 5 in Evocations
  1265 | D:2      | Reached XP level 4. HP: 29/34 MP: 4/4
  2216 | D:3      | Found Zin's Purification Station.
  2216 | D:3      | Found a glowing silver altar of Zin.
  2269 | D:3      | Found a faded altar of an unknown god.
  2466 | D:3      | Reached skill level 3 in Fighting
  2466 | D:3      | Reached skill level 1 in Short Blades
  2734 | D:3      | Found an iron altar of Okawaru.
  2755 | D:3      | Reached XP level 5. HP: 34/41 MP: 5/5
  3104 | D:3      | Found an ornate altar of the Wu Jian Council.
  3191 | D:3      | Became a worshipper of the Wu Jian Council
  3284 | D:4      | Noticed an ogre
  3285 | D:4      | Found a white marble altar of Elyvilon.
  3298 | D:4      | Killed an ogre
  3315 | D:4      | Reached XP level 6. HP: 33/47 MP: 6/6
  3779 | D:4      | Found a shadowy altar of Dithmenos.
  3788 | D:4      | Found a sand-covered staircase.
  3792 | Ossuary  | Entered an ossuary
  4021 | Ossuary  | Reached * piety under Wu Jian
  4084 | Ossuary  | Reached skill level 4 in Fighting
  4223 | Ossuary  | Reached XP level 7. HP: 50/54 MP: 7/7
  4711 | D:4      | Found Gurokag's Magic Scroll Shop.
  4802 | D:4      | Found a staircase to the Ecumenical Temple.
  4824 | D:4      | Identified the +4 ring mail "Feichot" {+Inv rPois}
  5187 | D:5      | Entered Level 5 of the Dungeon
  5359 | D:5      | Reached skill level 5 in Fighting
  5437 | D:5      | Identified the +1 cloak "Qeamunih" {rN+ Dex+5}
  5575 | D:5      | Reached ** piety under Wu Jian
  5576 | D:5      | Reached XP level 8. HP: 56/62 MP: 8/8
  5793 | D:5      | Found Ibaole's Distillery.
  6639 | D:6      | Reached skill level 6 in Fighting
  6692 | D:6      | Noticed Sigmund
  6700 | D:6      | Killed Sigmund
  6701 | D:6      | Reached skill level 5 in Short Blades
  6702 | D:6      | Found a radiant altar of Vehumet.
  7040 | D:7      | Reached XP level 9. HP: 40/71 MP: 9/9
  7443 | D:7      | Reached skill level 7 in Fighting
  7447 | D:7      | Reached skill level 10 in Evocations
  8005 | D:7      | Noticed Menkaure
  8007 | D:7      | Killed Menkaure
  8083 | D:7      | Found Pienne's Distillery.
  8233 | D:8      | Noticed a rime drake
  8424 | D:8      | Killed a rime drake
  8643 | D:8      | Identified the +7 hand axe of Quculag {spect, ^Fragile rN++
                  | Str+4 SInv}
  8644 | D:8      | Found a staircase to the Lair.
  8658 | D:8      | Noticed a hornet
  8677 | D:8      | Killed a hornet
  8678 | D:8      | Reached XP level 10. HP: 57/79 MP: 10/10
  8694 | D:8      | Reached *** piety under Wu Jian
  8775 | D:8      | Found a shimmering altar of Xom.
  8776 | D:8      | Found a shimmering altar of Xom.
  8777 | D:8      | Found a shimmering altar of Xom.
  8777 | D:8      | Found a shimmering altar of Xom.
  8779 | D:8      | Found a shimmering altar of Xom.
  9529 | D:8      | Found a sacrificial altar of Ru.
 10035 | D:9      | Noticed Gastronok
 10067 | D:9      | Reached skill level 10 in Short Blades
 10219 | D:9      | Killed Gastronok
 10220 | D:9      | Reached skill level 8 in Fighting
 10775 | D:9      | Noticed a two-headed ogre
 10782 | D:9      | Killed a two-headed ogre
 10783 | D:9      | Reached skill level 5 in Armour
 10783 | D:9      | Reached XP level 11. HP: 39/87 MP: 11/11
 11036 | D:9      | Found a basalt altar of Yredelemnul.
 11282 | D:9      | Found a snail-covered altar of Cheibriados.
 11351 | D:10     | Entered Level 10 of the Dungeon
 11354 | D:10     | Reached skill level 9 in Fighting
 11539 | D:10     | Found a flagged portal.
 11613 | Bailey   | Entered a bailey
 11650 | Bailey   | Noticed an orc warlord
 11751 | Bailey   | Reached **** piety under Wu Jian
 11900 | Bailey   | Found a runed translucent gate.
 11947 | Bailey   | Found a runed translucent gate.
 11960 | Bailey   | Found a runed translucent gate.
 12008 | Bailey   | Killed an orc warlord
 12091 | D:10     | Reached skill level 1 in Axes
 12175 | D:10     | Noticed a two-headed ogre
 12182 | D:10     | Killed a two-headed ogre
 12183 | D:10     | Reached skill level 10 in Fighting
 12406 | D:10     | Noticed Josephine
 12777 | D:10     | Killed Josephine
 12921 | D:10     | Noticed Grum
 12930 | D:10     | Killed Grum
 13123 | D:10     | Found a staircase to the Orcish Mines.
 13424 | D:11     | Reached XP level 12. HP: 91/99 MP: 12/12
 13665 | D:11     | Reached skill level 11 in Fighting
 13675 | D:11     | Reached skill level 5 in Axes
 14599 | Lair:1   | Entered Level 1 of the Lair of Beasts
 16381 | Lair:2   | Reached skill level 12 in Fighting
 16604 | Lair:2   | Found a hole to the Spider Nest.
 16644 | Lair:2   | Reached XP level 13. HP: 100/108 MP: 13/13
 16777 | Lair:2   | Reached ***** piety under Wu Jian
 16969 | Lair:2   | Identified the +0 robe of Starshine {Will+ SInv}
 17174 | Lair:2   | Found a staircase to the Swamp.
 18104 | Lair:3   | Reached skill level 10 in Armour
 18477 | Lair:3   | Reached skill level 13 in Fighting
 18820 | Lair:4   | HP: 5/111 [skyshark (6)]
 18820 | Lair:4   | HP: 2/111 [skyshark (3)]
 18821 | Lair:4   | Slain by a skyshark

Illustrated notes

Levels and vault maps discovered:
D:1:      onia_arrival_handbag, layout_loops_cross
D:2:      layout_basic, serial_forest, infiniplex_forest_join,
          infiniplex_forest_straight_4, infiniplex_forest_clump_long,
          infiniplex_forest_side_room, infiniplex_forest_clump_large,
          infiniplex_forest_straight_4, infiniplex_forest_clump_cross,
          small_statue_intersection, grunt_ministairs_13, hangedman_decor_points
D:3:      layout_loops_corners, mainiacjoe_overflow_small_starburst, zin_purify,
          nzn_wu_jian_council_hall, hellmonk_ecumenical_altar_crossroads,
          chequers_decorated_corner, minmay_close_crescents
D:4:      layout_rooms, elyvilon_altar_5, grunt_dithmenos_smoke_and_mirrors,
          minmay_temple_entry_wispy, lightli_ossuary_entry_decrepit_ruins,
          serial_shops, nicolae_shop_window_shopping
D:5:      layout_cave_pods, serial_shops, nicolae_shop_real_fake_doors,
          serial_park, serial_park_avenue1, serial_park_tiny_2,
          serial_park_gazebo [serial_park_minivault_5x5_3], serial_park_square1
          [serial_park_minivault_5x5_7], serial_park_tiny_pond, minivault_25
D:6:      layout_loops_ring, nicolae_vehumet_radiance, uniq_sigmund
D:7:      layout_loops_corners, serial_shops, shop, uniq_menkaure
D:8:      layout_rooms, marbit_many_paths, xom_shifter_show,
          hellmonk_lair_entry_icy, grunt_ministairs_5
D:9:      layout_loops_corners, lemuel_zombie_altar_yredelemnul,
          kennysheep_slug_shrine, uniq_gastronok
D:10:     layout_irregular_city, david_orc_4, enter_bailey_5,
          grunt_ministairs_5, uniq_grum, uniq_josephine
D:11:     layout_stronghold
Lair:1:   layout_regular_city, grunt_forest_small_clearing_treed
Lair:2:   layout_gridlike, minmay_swamp_entry_swarm, spider_nest_entry_rubble,
          grunt_forest_stairs_clearing
Lair:3:   layout_regular_city, grunt_megastairs_2, lemuel_fruit_fields
Lair:4:   layout_loops_ring, grunt_megastairs_5

Skill      XL: |  1  2  3  4  5  6  7  8  9 10 11 12 13 |
---------------+----------------------------------------+-----
Fighting       | 2 3 4 5 6 7 8 10 12 13 | 13.0
Evocations     | 5 6 8 9 10 | 10.0
Short Blades   | 1 2 3 5 8 10 | 10.0
Armour         | 5 7 9 10 | 10.1
Axes           | 4 7 8 |  8.6
Dodging        | |  0.8
Stealth        | |  0.7

Action                     |  1- 3 |  4- 6 |  7- 9 | 10-12 | 13-15 || total
---------------------------+-------+-------+-------+-------+-------++-------
  Melee: Dagger            |   103 |   499 |   583 |   778 |   146 ||  2109
         Club              |   107 |     3 |       |       |       ||   110
         Rapier            |       |       |   316 |   420 |     5 ||   741
         Broad axe         |       |       |       |   404 |   156 ||   560
 Invoke: Serpent's Lash    |       |       |       |    10 |     3 ||    13
Ability: Lunge             |       |    10 |    30 |    68 |    23 ||   131
         Whirlwind         |       |     2 |    64 |   282 |    60 ||   408
         Evoke Invisibilit |       |       |       |     1 |       ||     1
  Evoke: Wand              |       |    17 |     5 |    26 |     5 ||    53
    Use: Scroll            |       |     7 |     6 |    11 |     3 ||    27
         Potion            |       |       |     1 |       |     2 ||     3
   Stab: Sleeping          |     5 |     4 |     1 |     3 |     2 ||    15
         Distracted        |       |       |     1 |     3 |       ||     4
         Invisible         |       |       |       |     1 |       ||     1
 Armour: Leather armour    |    71 |   128 |    64 |       |       ||   263
         Ring mail         |       |       |   184 |   413 |   151 ||   748
  Dodge: Dodged            |    64 |   112 |   160 |   266 |    52 ||   654

Table legend: (Time is in decaauts)
 A = Elapsed time spent in this place.
 B = Non-inter-level travel time spent in this place.
 C = Inter-level travel time spent in this place.
 D = Time resting spent in this place.
 E = Time spent auto-exploring this place.
 F = Levels seen in this place.
 G = Mean time per level.
                   A        B        C        D        E       F      G
               +--------+--------+--------+--------+--------+-----+--------+
         Total |  18634 |  18031 |    603 |   2036 |  12325 |  17 | 1096.1 |
       Dungeon |  13310 |  12803 |    507 |   1239 |   9592 |  11 | 1210.0 |
          Lair |   4211 |   4116 |     95 |    625 |   2565 |   4 | 1052.8 |
       Ossuary |    681 |    681 |      0 |     50 |    167 |   1 |  681.0 |
        Bailey |    431 |    431 |      0 |    122 |      0 |   1 |  431.0 |
               +--------+--------+--------+--------+--------+-----+--------+

Top non-repeatable levels by time:
     D:9: 1724 daAuts
    D:10: 1646 daAuts
  Lair:1: 1454 daAuts
     D:3: 1446 daAuts
  Lair:2: 1394 daAuts
  Lair:3: 1333 daAuts
     D:7: 1317 daAuts
     D:2: 1229 daAuts
     D:8: 1226 daAuts
    D:11: 1147 daAuts
     D:5: 1036 daAuts
     D:4: 951 daAuts
     D:1: 808 daAuts
     D:6: 776 daAuts
 Ossuary: 681 daAuts
